 Dungeon Crawl Stone Soup version 0.30-b1-2-g02819fbbbe (webtiles) character file.

Game seed: 14684945568849309319

758 Based the Chopper (level 7, -6/63 HPs)
             Began as a Minotaur Berserker on Dec 27, 2023.
             Was a Priest of Trog.
             Mangled by Edmund
             ... wielding a +3 heavy dire flail
              (11 damage)
             ... on level 5 of the Dungeon.
             The game lasted 00:07:18 (3587 turns).

Based the Chopper (Minotaur Berserker)              Turns: 3587, Time: 00:07:19

Health: -6/63      AC: 13    Str: 22 (23) XL:     7   Next: 50%
Magic:  6/6        EV:  7    Int:  4      God:    Trog [***...]
Gold:   288        SH:  0    Dex: 10      Spells: 6/6 levels left

rFire   + . .        f - +0 war axe
rCold   + . .        (no shield)
rNeg    . . .        g - +0 plate armour
rPois   +            (helmet restricted)
rElec   +            (no cloak)
rCorr   +            p - +0 pair of gloves
SInv    .            (no boots)
Will    .....        (no amulet) Stlth
                     (no ring)
HPRegen 0.30/turn    (no ring)
MPRegen 0.10/turn

%: no passive effects
@: resistant, on berserk cooldown
A: horns 2, retaliatory headbutt
a: Renounce Religion, Berserk, Trog's Hand


You were on level 5 of the Dungeon.
You worshipped Trog.
Trog was most pleased with you.
You visited 1 branch of the dungeon, and saw 5 of its levels.
You also visited: Sewer.

You collected 288 gold pieces.

Inventory:

Hand Weapons
 a - a +0 hand axe
 f - a +0 war axe (weapon)
 r - the +3 flail "Kuhet" {flame, rElec rF+ Str+2 SInv}
   (You found it on level 3 of the Dungeon)

   Str:       It affects your strength (+2).
   rF:        It protects you from fire.
   rElec:     It insulates you from electricity.
   SInv:      It lets you see invisible.
 u - a +0 broad axe
Missiles
 o - a curare-tipped dart (quivered)
 t - 8 poisoned darts
 x - 2 throwing nets
Armour
 b - a +0 animal skin
 g - a +0 plate armour (worn)
 m - the orb of Xom, Hurting {guile, rF+ rC+ Str+2}
   (You found it on level 2 of the Dungeon)

   Str:       It affects your strength (+2).
   rF:        It protects you from fire.
   rC:        It protects you from cold.
 p - a +0 pair of gloves (worn)
Jewellery
 d - a ring of magical power
Scrolls
 e - a scroll of fog
 i - a scroll of vulnerability {unknown}
 k - 2 scrolls of identify {unknown}
 l - a scroll of poison {unknown}
 n - a scroll of silence {unknown}
 q - 2 scrolls of teleportation {unknown}
 s - a scroll of enchant weapon {unknown}
 w - 2 scrolls of magic mapping {unknown}
 y - a scroll of amnesia {unknown}


   Skills:
 + Level 6.2 Fighting
 + Level 6.2 Axes
 + Level 5.4 Armour
 + Level 4.9 Dodging


You had 6 spell levels left.
You didn't know any spells.
Your spell library was empty.

Dungeon Overview and Level Annotations

Branches:
Dungeon (5/15)              Sewer (visited)
 Temple: D:4-7

Altars:
Dithmenos
Elyvilon
Makhleb
Trog
Yredelemnul

Annotations:
D:3 2 transporters
D:5 1 transporter, Edmund


Innate Abilities, Weirdness & Mutations

You have a pair of horns on your head.
You reflexively headbutt those who attack you in melee.


Message History

Edmund drinks a potion.
Edmund flickers and vanishes!
Deactivating autopickup; reactivate with Ctrl-A.
Something hits you.
Unknown command.
Something hits you!
Unknown command.
Something hits you!
* * * LOW HITPOINT WARNING * * *
Unknown command.
It was a potion of ambrosia.
You are confused.
You feel invigorated. Something hits you!
* * * LOW HITPOINT WARNING * * *
You are too confused!
Unknown command.
Unknown command.
Something hits you!
* * * LOW HITPOINT WARNING * * *
You bump into the rock wall.
Something hits you but does no damage.
You're still recovering from your berserk rage.
You're too confused to move!
Something hits you!
* * * LOW HITPOINT WARNING * * *
Something hits you.
* * * LOW HITPOINT WARNING * * *
You feel less invigorated.
You feel yourself speed up.
You feel less confused. Something hits you.
* * * LOW HITPOINT WARNING * * *
Okay, then.
Unknown command.
You feel protected.
Unknown command.
Something hits you!
* * * LOW HITPOINT WARNING * * *
You see here a +0 club.
Unknown command.
Unknown command.
As you read the scroll labelled BUQIEH HESENEI, it crumbles to dust.
The scroll dissolves into smoke.
It was a scroll of fog.
Something hits you!
You die...

....# # .....
###..........#####
.#...............## ##
..................# ##.##
## ......# ....§.§##....##
.# .....#...#)§§§.......#
.####.......###§@§........
...#....##.###.§{§........
...##.......#.§.§.........
##..#.#..(#...........>...
###...##.##........#....#.
..........#.....#.##.#....
........(.......#.# ....#
.......#...#......#..## .#
.......#..####.)......#


There were no monsters in sight!

Vanquished Creatures
  Grinder (Sewer)
  A centaur (D:5)
  2 kobold brigands (Sewer)
  A hound (D:5)
  A jelly (D:5)
  Jessica (D:3)
  Ijyb (D:5)
  4 gnolls (D:4)
  4 adders
  A white imp (D:5)
  3 ufetubi (Sewer)
  2 worms
  3 dart slugs
  4 orcs
  8 endoplasms
  12 giant cockroaches
  6 goblins
  3 hobgoblins
  6 quokkas
  5 ball pythons
  11 bats
  6 frilled lizards
  27 kobolds
  5 rats
118 creatures vanquished.

Vanquished Creatures (others)
  An endoplasm (Sewer)
1 creature vanquished.

Grand Total: 119 creatures vanquished

Notes
Turn   | Place    | Note
-------+----------+-------------------------------------------
     0 | D:1      | Based the Minotaur Berserker began the quest for the Orb.
     0 | D:1      | Reached XP level 1. HP: 19/19 MP: 0/0
   150 | D:1      | Reached XP level 2. HP: 21/27 MP: 1/1
   571 | D:1      | Reached XP level 3. HP: 33/33 MP: 2/2
   954 | D:2      | Reached ** piety under Trog
  1082 | D:2      | Found a basalt altar of Yredelemnul.
  1142 | D:2      | Identified the orb of Xom, Hurting {guile, rF+ rC+ Str+2}
  1342 | D:2      | Found a faded altar of an unknown god.
  1584 | D:3      | Noticed Jessica
  1598 | D:3      | Killed Jessica
  1599 | D:3      | Reached XP level 4. HP: 40/41 MP: 3/3
  1603 | D:3      | Found a transporter.
  1603 | D:3      | Found a transporter.
  1619 | D:3      | Found a shadowy altar of Dithmenos.
  1629 | D:3      | Found a white marble altar of Elyvilon.
  1699 | D:3      | Found a bloodstained altar of Trog.
  1702 | D:3      | Identified the +3 flail "Kuhet" {flame, rElec rF+ Str+2
                  | SInv}
  1900 | D:3      | Found a glowing drain.
  1908 | D:3      | Reached XP level 5. HP: 45/47 MP: 4/4
  1916 | Sewer    | Entered a sewer
  2090 | Sewer    | Reached *** piety under Trog
  2192 | Sewer    | Found a burning altar of Makhleb.
  2209 | Sewer    | Reached skill level 5 in Fighting
  2209 | Sewer    | Reached skill level 5 in Axes
  2279 | Sewer    | Reached XP level 6. HP: 29/56 MP: 5/5
  2382 | Sewer    | Noticed Grinder
  2397 | Sewer    | Killed Grinder
  2398 | Sewer    | Reached XP level 7. HP: 12/62 MP: 6/6
  3109 | D:4      | Found a burning altar of Makhleb.
  3211 | D:4      | Reached skill level 5 in Armour
  3460 | D:5      | Entered Level 5 of the Dungeon
  3494 | D:5      | Found a transporter.
  3528 | D:5      | Noticed Ijyb
  3538 | D:5      | Killed Ijyb
  3568 | D:5      | Noticed Edmund
  3579 | D:5      | HP: 2/63 [something (9)]
  3587 | D:5      | Mangled by Edmund

Illustrated notes

Levels and vault maps discovered:
D:1:      giann_forest_graveyard, layout_basic, minivault_26, minmay_surrounded
D:2:      layout_loops_ring, ebering_ecumenical_altar_ruins, basic_altar,
          grunt_ministairs_12, minmay_misc_feat_x, grunt_decor_one_mirror,
          minmay_misc_feat_cross
D:3:      kennysheep_big_flooded_room, layout_basic, lightli_temple_of_fire,
          gammafunk_temple_overflow_arena, gup_sewer_entry_pipe, uniq_jessica
D:4:      layout_basic, overflow_temple_1_default, hex_large
D:5:      layout_cave_pools, gammafunk_ghost_abyssal_escape, uniq_ijyb,
          uniq_edmund, uniq_duvessa

Skill      XL: |  1  2  3  4  5  6  7 |
---------------+----------------------+-----
Fighting       | 4 5 6 |  6.2
Axes           | 4 5 6 |  6.2
Armour         | 3 4 5 |  5.4
Dodging        | 3 4 |  4.9

Action                     |  1- 3 |  4- 6 |  7- 9 || total
---------------------------+-------+-------+-------++-------
  Melee: Hand axe          |    19 |       |       ||    19
         Headbutt          |    11 |    15 |     9 ||    35
         War axe           |    77 |    97 |    40 ||   214
         Punch             |       |       |     1 ||     1
 Invoke: Berserk           |       |     1 |     1 ||     2
    Use: Potion            |       |     5 |     4 ||     9
         Scroll            |       |       |     1 ||     1
 Armour: Animal skin       |     5 |       |       ||     5
         Plate armour      |    50 |    87 |    37 ||   174
  Dodge: Dodged            |    49 |    48 |    21 ||   118
